 Dungeon Crawl Stone Soup version 0.30-a0-591-g3c58d2bc28 (webtiles) character file.

Game seed: 1929166628579584509

618 freelancePsychic the Ruffian (level 7, 0/67 HPs)
             Began as a Troll Venom Mage on Jan 5, 2023.
             Was a Follower of Cheibriados.
             Slain by a white imp (4 damage)
             ... on level 5 of the Dungeon.
             The game lasted 00:04:46 (3139 turns).

freelancePsychic the Ruffian (Troll Venom Mage)     Turns: 3139, Time: 00:04:47

Health: 0/67       AC:  5    Str: 26    XL:     7   Next: 21%
Magic:  7/7        EV: 10    Int: 20    God:    Cheibriados [*.....]
Gold:   214        SH:  0    Dex: 15    Spells: 8/8 levels left

rFire   . . .      SeeInvis .      - Unarmed
rCold   . . .      Faith    .    (no shield)
rNeg    . . .      Spirit   .    a - +0 robe
rPois   .          Reflect  .    (helmet restricted)
rElec   .          Harm     .    i - +0 cloak
rCorr   .          Rampage  .    (gloves unavailable)
Will    .....                    (boots unavailable)
Stlth   ++                       (no amulet)
HPRegen 1.11/turn                g - +6 ring of strength
MPRegen 0.10/turn                f - +6 ring of intelligence

@: very slow
A: large, unfitting armour, claws 3, regeneration 1, shaggy fur 1, tough skin 1
a: Renounce Religion, Bend Time


You were on level 5 of the Dungeon.
You worshipped Cheibriados.
Cheibriados was aware of your devotion.
You visited 1 branch of the dungeon, and saw 5 of its levels.

You collected 214 gold pieces.

Inventory:

Missiles
 l - 6 boomerangs (quivered)
Armour
 a - a +0 robe (worn)
 i - a +0 cloak (worn)
Jewellery
 f - a +6 ring of intelligence (right claw)
 g - a +6 ring of strength (left claw)
Wands
 p - a wand of flame (24)
 v - a wand of charming (9)
Scrolls
 c - a scroll of teleportation {@r4}
 h - a scroll of silence
 q - a scroll of vulnerability {unknown}
 s - a scroll of immolation
 t - a scroll of fog
Potions
 b - a potion of magic
 d - 3 potions of brilliance {unknown}
 j - a potion of invisibility {unknown}
 k - 2 potions of heal wounds {unknown}
 m - a potion of mutation {unknown}
 n - a potion of ambrosia {unknown}
 o - 2 potions of degeneration {unknown}
 r - a potion of lignification {unknown}
 u - 2 potions of curing {unknown}


   Skills:
 + Level 3.0 Fighting
 - Level 2.1 Throwing
 + Level 2.5 Dodging
 - Level 1.0 Stealth
 * Level 5.4 Unarmed Combat
 - Level 1.2 Spellcasting
 - Level 0.6 Transmutations
 - Level 2.1 Poison Magic


You had 8 spell levels left.
You didn't know any spells.
Your spell library contained the following spells:

 Spells                   Type           Power      Damage    Failure   Level
 Sting                    Tmut/Pois      24%        1d4       10%         1
 Freeze                   Ice            4%         1d3       17%         1
 Poisonous Vapours        Pois/Air       10%        N/A       17%         2
 Blink                    Tloc           2%         N/A       26%         2
 Momentum Strike          Conj/Tloc      2%         3d8       26%         2
 Sublimation of Blood     Necr           1%         N/A       26%         2
 Mephitic Cloud           Conj/Pois/Air  4%         N/A       36%         3
 Dazzling Flash           Conj/Hex       2%         N/A       45%         3
 Frozen Ramparts          Ice            2%         1d1       45%         3
 Gell's Gravitas          Tloc           1%         N/A       45%         3
 Hailstorm                Conj/Ice       1%         3d3       45%         3
 Lesser Beckoning         Tloc           2%         N/A       45%         3
 Stone Arrow              Conj/Erth      2%         3d7       45%         3
 Teleport Other           Tloc           1%         N/A       45%         3
 Olgreb's Toxic Radiance  Pois           10%        N/A       56%         4
 Petrify                  Tmut/Erth      2%         N/A       83%         4
 Animate Armour           Summ/Erth      2%         N/A       86%         4
 Iskenderun's Mystic Bla  Conj/Tloc      1%         2d3       86%         4
 Irradiate                Conj/Tmut      1%         3d12      99%         5
 Dispersal                Tloc           0%         N/A       100%        6
 Starburst                Conj/Fire      0%         6d3       100%        6
 Lehudib's Crystal Spear  Conj/Erth      0%         10d2      100%        8


Dungeon Overview and Level Annotations

Branches:
Dungeon (5/15)             Temple (0/1) D:4

Altars:
Ashenzari
Cheibriados
Okawaru
Vehumet

Annotations:
D:2 Sigmund


Innate Abilities, Weirdness & Mutations

You are too large for most types of armour.
You have claws for hands.
Your natural rate of healing is unusually fast.
You are covered in fur. (AC +1)
You have tough skin. (AC +1)


Message History

You barely miss the ogre.
The ogre is lightly wounded.
The ogre closely misses you.
A white imp comes into view.
You scratch the ogre.
The ogre is lightly wounded.
The ogre hits you with a +0 giant club!!
You are too injured to fight recklessly!
You are too injured to fight recklessly!
You are too injured to fight recklessly!
You barely miss the ogre.
The ogre is lightly wounded.
You completely miss the ogre.
The ogre is lightly wounded.
The ogre hits you with a +0 giant club!!
You closely miss the ogre.
The ogre is lightly wounded.
You completely miss the ogre.
The ogre is lightly wounded.
The ogre completely misses you.
You claw the ogre!
The ogre is heavily wounded.
The ogre closely misses you.
You scratch the ogre but do no damage.
The ogre is heavily wounded.
You claw the ogre!
The ogre is almost dead.
The ogre hits you with a +0 giant club!!
* * * LOW HITPOINT WARNING * * *
You claw the ogre!
You kill the ogre!
Cheibriados appreciates the change of pace.
The white imp gestures at you. The puff of frost hits you!
* * * LOW HITPOINT WARNING * * *
Your Fighting skill increases to level 3!
The white imp hits you.
* * * LOW HITPOINT WARNING * * *
The white imp freezes you.
You die...

....... ........#
....... ######..###
....... #.....
####### #..### ..
#.## ## # ### #.#
... ..# #.# #####
#...#####.########.#
....#
#..5@.#.##....##.#
....#
#.#.#.#.##.......#
....#
#.#...##....####
OY..###
#.###.####'##
........ #. #.# #.#
....#### .. #.####.#
..#.... .. #...##.#
....### .. #....#.#
....#. ###....#


You could see a white imp.

Vanquished Creatures
  2 ogres
  A phantom (D:4)
  2 scorpions
  A hound (D:5)
  A gnoll bouda (D:4)
  An orc wizard (D:3)
  4 gnolls
  6 adders
  4 worms
  2 dart slugs
  5 orcs (D:3)
  12 ball pythons
  3 bats
  9 endoplasms
  2 giant cockroaches
  7 goblins
  6 hobgoblins
  A frilled lizard (D:2)
  8 kobolds
  8 rats
85 creatures vanquished.

Notes
Turn   | Place    | Note
-------+----------+-------------------------------------------
     0 | D:1      | freelancePsychic the Troll Venom Mage began the quest for
                  | the Orb.
     0 | D:1      | Reached XP level 1. HP: 16/16 MP: 1/1
    51 | D:1      | Reached skill level 1 in Unarmed Combat
   111 | D:1      | Reached XP level 2. HP: 26/26 MP: 2/2
   331 | D:1      | Reached skill level 2 in Unarmed Combat
   604 | D:2      | Reached skill level 1 in Fighting
   770 | D:2      | Noticed Sigmund
   835 | D:3      | Reached XP level 3. HP: 33/33 MP: 3/3
   888 | D:3      | Reached skill level 1 in Throwing
   888 | D:3      | Reached XP level 4. HP: 39/41 MP: 4/4
   904 | D:3      | Found a radiant altar of Vehumet.
   942 | D:3      | You fall into a shaft and drop 2 floors!
   942 | D:5      | Entered Level 5 of the Dungeon
   944 | D:5      | Noticed an ogre
  1068 | D:2      | Reached skill level 3 in Unarmed Combat
  1601 | D:3      | Found a snail-covered altar of Cheibriados.
  1615 | D:3      | Became a worshipper of Cheibriados the Contemplative
  1750 | D:3      | Found a faded altar of an unknown god.
  1938 | D:4      | Noticed a phantom
  1948 | D:4      | Killed a phantom
  1949 | D:4      | Reached XP level 5. HP: 39/49 MP: 5/5
  1985 | D:4      | Reached skill level 4 in Unarmed Combat
  2017 | D:4      | Found a broken altar of Ashenzari.
  2134 | D:3      | Reached XP level 6. HP: 32/57 MP: 6/6
  2404 | D:4      | Reached * piety under Cheibriados
  2730 | D:4      | Found a staircase to the Ecumenical Temple.
  2900 | D:4      | Found an iron altar of Okawaru.
  2990 | D:5      | Reached skill level 5 in Unarmed Combat
  2991 | D:5      | Noticed an ice beast
  3002 | D:5      | HP: 2/59 [ice beast (12)]
  3097 | D:5      | Reached XP level 7. HP: 58/66 MP: 7/7
  3138 | D:5      | HP: 3/66 [white imp/puff of frost (8)]
  3139 | D:5      | Slain by a white imp

Illustrated notes

Levels and vault maps discovered:
D:1:      dpeg_arrival_shrine, layout_rooms, serial_park_tiny_1, minmay_domino_2
D:2:      layout_basic, uniq_sigmund
D:3:      layout_rooms, slow_altar_2, mainiacjoe_overflow_small_starburst,
          dreamdust_ecumenical_altar_hidden_monk_grotto, st_stairs_1,
          saegor_snake_ambush
D:4:      layout_loops_ring, cheibrodos_ashenzari_chains,
          lemuel_coloured_pillars_altar, minmay_temple_entry_statues_pillars,
          kennysheep_donut, minivault_19
D:5:      layout_basic

Skill      XL: |  1  2  3  4  5  6  7 |
---------------+----------------------+-----
Unarmed Combat | 1 2 3 4 5 |  5.4
Fighting       | 1 2 3 |  3.0
Throwing       | 1 2 |  2.1
Dodging        | 2 |  2.5
Stealth        | |  1.0
Spellcasting   | |  1.2
Transmutations | |  0.6
Poison Magic   | |  2.1

Action                   |  1- 3 |  4- 6 |  7- 9 || total
-------------------------+-------+-------+-------++-------
Melee: Unarmed           |    76 |   153 |    10 ||   239
       Punch             |       |     4 |       ||     4
Throw: Boomerang         |       |    11 |     2 ||    13
  Use: Scroll            |     1 |     7 |       ||     8
 Stab: Sleeping          |       |     3 |       ||     3
Armor: Robe              |    32 |    41 |       ||    73
Dodge: Dodged            |    28 |    60 |     3 ||    91

Table legend: (Time is in decaauts)
 A = Elapsed time spent in this place.
 B = Non-inter-level travel time spent in this place.
 C = Inter-level travel time spent in this place.
 D = Time resting spent in this place.
 E = Time spent auto-exploring this place.
 F = Levels seen in this place.
 G = Mean time per level.
                   A        B        C        D        E       F      G
               +--------+--------+--------+--------+--------+-----+--------+
         Total |   3546 |   3377 |    169 |     23 |   2676 |   5 |  709.2 |
       Dungeon |   3546 |   3377 |    169 |     23 |   2676 |   5 |  709.2 |
               +--------+--------+--------+--------+--------+-----+--------+

Top non-repeatable levels by time:
     D:4: 1304 daAuts
     D:2: 788 daAuts
     D:3: 733 daAuts
     D:1: 507 daAuts
     D:5: 213 daAuts
